 Dungeon Crawl Stone Soup version 0.30-a0-920-g7493c07aab (webtiles) character file.

Game seed: 13098181476171686199

23 Dirian the Trooper (level 2, 0/27 HPs)
             Began as a Minotaur Fighter on Mar 21, 2023.
             Slain by an iguana (9 damage)
             ... on level 2 of the Dungeon.
             The game lasted 00:06:10 (708 turns).

Dirian the Trooper (Minotaur Fighter)                Turns: 708, Time: 00:06:10

Health: 0/27       AC:  7    Str: 20    XL:     2   Next: 75%
Magic:  1/1        EV:  9    Int:  5    God:
Gold:   45         SH:  4    Dex:  9    Spells: 1/1 levels left

rFire   . . .      SeeInvis .    a - +0 long sword
rCold   . . .      Faith    .    c - +0 buckler
rNeg    . . .      Spirit   .    b - +0 scale mail
rPois   .          Reflect  .    (helmet restricted)
rElec   .          Rampage  .    (no cloak)
rCorr   .                        (no gloves)
Will    .....                    (no boots) Stlth
                                 (no amulet)
HPRegen 0.24/turn                (no ring)
MPRegen 0.07/turn                (no ring)

@: no status effects
A: horns 2, retaliatory headbutt
a: no special abilities


You were on level 2 of the Dungeon.
You visited 1 branch of the dungeon, and saw 2 of its levels.

You collected 45 gold pieces.

Inventory:

Hand Weapons
 a - a +0 long sword (weapon)
Armour
 b - a +0 scale mail (worn)
 c - a +0 buckler (worn)
Scrolls
 f - 2 scrolls of enchant weapon {unknown}
 h - a scroll of identify {unknown}
 j - a scroll of enchant armour {unknown}
Potions
 d - a potion of might
 e - a potion of cancellation {unknown}
 g - a potion of ambrosia {unknown}
 i - a potion of magic {unknown}


   Skills:
 + Level 4.1 Fighting
 + Level 2.9 Long Blades
 + Level 3.9 Armour
 + Level 4.0 Shields


You had one spell level left.
You didn't know any spells.
Your spell library contained the following spells:

 Spells                   Type           Power      Damage    Failure   Level
 Freeze                   Ice            0%         1d3       89%         1
 Frozen Ramparts          Ice            0%         1d1       99%         3
 Hailstorm                Conj/Ice       0%         3d3       99%         3


Dungeon Overview and Level Annotations

Branches:
Dungeon (2/15) Zot: 11279

Altars:


Innate Abilities, Weirdness & Mutations

You have a pair of horns on your head.
You reflexively headbutt those who attack you in melee.


Message History

Save game and exit?
Welcome back, Dirian the Minotaur Fighter.
Press ? for a list of commands and other information.
Unknown command.
Unknown command.
Save game and exit?
Welcome back, Dirian the Minotaur Fighter.
Press ? for a list of commands and other information.
Unknown command.
Unknown command.
Unknown command.
Unknown command.
Unknown command.
Save game and exit?
Welcome back, Dirian the Minotaur Fighter.
Press ? for a list of commands and other information.
No item to drop.
Save game and exit?
No command named 'CMD_EXPLORE MARCHE PAS !!!' Welcome back, Dirian the Minotaur Fighter.
Press ? for a list of commands and other information.
Save game and exit?
Welcome back, Dirian the Minotaur Fighter.
Press ? for a list of commands and other information.
Found a stone staircase leading up.
Save game and exit?
Welcome back, Dirian the Minotaur Fighter.
Press ? for a list of commands and other information.
f - 2 scrolls labelled FOTZAO DOONO (gained 1)
You now have 45 gold pieces (gained 7).
An iguana comes into view.
The iguana hisses angrily.
An iguana is nearby!
The iguana hisses menacingly.
A hobgoblin comes into view.
The hobgoblin shouts!
The iguana bites you!
You completely miss the iguana. The iguana bites you!
You closely miss the iguana. The iguana bites you!
You die...

.)...##..###..<.
...########.## ...
...# #..# ...
#######.### .
#..#.........# ...
#..#.........#
...g##...........#
......##..........#
......l@............
#......#............#
#................##...
##..#............$ $.#
## ..............
#.#.....###..##
#...##... ..# ##..
.###


You could see an iguana and a hobgoblin.

Vanquished Creatures
  An adder (D:2)
  An endoplasm (D:1)
  2 giant cockroaches (D:1)
  3 goblins (D:1)
  A quokka (D:1)
  A ball python (D:1)
  3 bats (D:1)
  A kobold (D:1)
  A rat (D:1)
14 creatures vanquished.

Notes
Turn   | Place    | Note
-------+----------+-------------------------------------------
     0 | D:1      | Dirian the Minotaur Fighter began the quest for the Orb.
     0 | D:1      | Reached XP level 1. HP: 19/19 MP: 0/0
   176 | D:1      | Reached XP level 2. HP: 27/27 MP: 1/1
   708 | D:2      | Slain by an iguana

Illustrated notes

Levels and vault maps discovered:
D:1:      dpeg_arrival_windows_large_door, layout_loops_ring,
          minmay_misc_feat_room
D:2:      layout_rooms

Skill      XL: |  1  2 |
---------------+-------+-----
Fighting       | 4 |  4.1
Shields        | 4 |  4.0
Long Blades    | |  2.9
Armour         | |  3.9

Action                     || total
---------------------------++-------
  Melee: Long sword        ||    40
         Headbutt          ||     4
 Armour: Scale mail        ||    20
  Dodge: Dodged            ||    21
  Block: Buckler           ||     5

Table legend: (Time is in decaauts)
 A = Elapsed time spent in this place.
 B = Non-inter-level travel time spent in this place.
 C = Inter-level travel time spent in this place.
 D = Time resting spent in this place.
 E = Time spent auto-exploring this place.
 F = Levels seen in this place.
 G = Mean time per level.
                   A        B        C        D        E       F      G
               +--------+--------+--------+--------+--------+-----+--------+
         Total |    719 |    686 |     33 |      0 |    581 |   2 |  359.5 |
       Dungeon |    719 |    686 |     33 |      0 |    581 |   2 |  359.5 |
               +--------+--------+--------+--------+--------+-----+--------+

Top non-repeatable levels by time:
     D:1: 670 daAuts
     D:2: 49 daAuts
